 Dungeon Crawl Stone Soup version 0.31-a0-365-gcf821cafb2 (webtiles) character file.

Game seed: 15575493728485192394

186 CraigForest the Changeling (level 5, 0/19 HPs)
             Began as a Spriggan Shapeshifter on July 27, 2023.
             Slain by a goblin
             ... wielding a +0 dagger
              (3 damage)
             ... on level 4 of the Dungeon.
             The game lasted 00:22:55 (2650 turns).

CraigForest the Changeling (Spriggan Shapeshifter)  Turns: 2650, Time: 00:22:55

Health: 0/19       AC:  9    Str: 16    XL:     5   Next: 38%
Magic:  6/8        EV: 16    Int: 11    God:
Gold:   171        SH:  0    Dex: 16    Spells: 6/7 levels left

rFire   . .          .
                       - Unarmed
rCold   . . .        (shield currently unavailable)
rNeg    . . .        a - melded +0 animal skin
rPois   .            (helmet currently unavailable)
rElec   .            (cloak currently unavailable)
rCorr   .            (gloves unavailable)
SInv    +            (boots unavailable)
Will    .....        (no amulet)
Stlth   ++           u - +5 ring of evasion
HPRegen 0.23/turn    (no ring)
MPRegen 0.11/turn

%: no passive effects
@: snake-form
A: constrict, reduced hp, large, no large weapons, unfitting armour, see
invisible, (speed 3)
a: Begin Untransformation


You were on level 4 of the Dungeon.
You were an enormous anaconda.
You visited 1 branch of the dungeon, and saw 4 of its levels.

You collected 171 gold pieces.

Inventory:

Hand Weapons
 d - a +0 mace
 n - a +2 dagger of holy wrath
 s - a +4 short sword of speed
 w - a +3 war axe
Armour
 a - a +0 animal skin (melded)
 x - a +0 pair of gloves
Jewellery
 u - a +5 ring of evasion (left hand)
Talismans
 c - a beast talisman
 h - a serpent talisman
Wands
 j - a wand of polymorph (2)
Scrolls
 i - 3 scrolls of teleportation
 p - a scroll of fog
Potions
 b - a potion of lignification
 e - 2 potions of curing {unknown}
 f - 2 potions of invisibility {unknown}
 g - 2 potions of enlightenment {unknown}
 o - a potion of haste {unknown}
 r - 3 potions of degeneration {unknown}
 t - a potion of might {unknown}


   Skills:
 + Level 0.9 Fighting
 + Level 3.5 Dodging
 + Level 1.6 Stealth
 + Level 3.2 Unarmed Combat
 + Level 1.5 Spellcasting
 + Level 0.8 Necromancy
 * Level 5.6 Shapeshifting


You had 6 spell levels left.
You knew the following spells:

 Your Spells              Type           Power      Damage    Failure   Level
a - Necrotise             Necr           8%         1d4       22%         1

Your spell library contained the following spells:

 Spells                   Type           Power      Damage    Failure   Level
 Apportation              Tloc           0%         N/A       30%         1
 Summon Small Mammal      Summ           0%         N/A       30%         1
 Ensorcelled Hibernation  Hex/Ice        0%         N/A       43%         2
 Anguish                  Hex/Necr       0%         N/A       95%         4


Dungeon Overview and Level Annotations

Branches:
Dungeon (4/15)
 Temple: D:4-7

Altars:

Shops:
D:2 *


Innate Abilities, Weirdness & Mutations

You are an enormous anaconda.
You have a powerful constriction melee attack.
Your maximum health is decreased, since you lack skill for your form.
Your armour is entirely melded.
You are incapable of wielding weapons or throwing items.
You are very small and have problems with some larger weapons.
You are too small for most types of armour.
You have supernaturally acute eyesight. (SInv)
((You cover ground extremely quickly. (Speed+++)))


Message History

The hound is moderately wounded.
You constrict the sleepcap. The goblin hits you but does no damage.
The sleepcap barely misses you. The hound completely misses you.
You miss the hound.
The hound is moderately wounded.
You constrict the sleepcap. The hound bites you but does no damage.
The goblin closely misses you.
The sleepcap releases spores at you but does no damage.
The hound bites you but does no damage.
You lash the hound!
You kill the hound!
You constrict the sleepcap, but do no damage.
The goblin misses you. The sleepcap completely misses you.
You have reached level 5!
You feel agile.
You hit the sleepcap.
The sleepcap is heavily damaged.
You constrict the sleepcap, but do no damage.
The goblin hits you but does no damage.
The iguana bites you but does no damage.
The sleepcap closely misses you.
You barely miss the iguana. You constrict the sleepcap.
The goblin closely misses you. The sleepcap closely misses you.
The iguana bites you but does no damage.
You barely miss the iguana. You constrict the sleepcap. The goblin misses you.
The iguana barely misses you. The sleepcap closely misses you.
You lash the iguana!
The iguana is heavily wounded.
You constrict the sleepcap. The goblin hits you but does no damage.
The iguana barely misses you. The sleepcap closely misses you.
You barely miss the iguana.
The iguana is heavily wounded.
You constrict the sleepcap!
You destroy the sleepcap!
The goblin misses you. The iguana bites you!
* * * LOW HITPOINT WARNING * * *
You closely miss the iguana. You grab the iguana.
The iguana is heavily wounded.
You constrict the iguana. The goblin hits you with a +0 dagger.
You die...

..... ### ....#
P#..# .....#
)...(## ...>.#
P)....?##.....+
#.....<.....$#
#...g>......#
#.>.lS......#
#############


You could see an iguana and a goblin.

Vanquished Creatures
  A hound (D:4)
  An orc priest (D:3)
  A sleepcap (D:4)
  3 adders
  2 worms
  A dart slug (D:2)
  5 orcs (D:3)
  5 endoplasms
  4 giant cockroaches
  5 goblins
  5 hobgoblins
  7 kobolds
  2 quokkas
  8 ball pythons
  5 bats (D:2)
  3 frilled lizards
  3 rats
61 creatures vanquished.

Notes
Turn   | Place    | Note
-------+----------+-------------------------------------------
     0 | D:1      | CraigForest the Spriggan Shapeshifter began the quest for
                  | the Orb.
     0 | D:1      | Reached XP level 1. HP: 9/9 MP: 2/2
   206 | D:1      | Reached XP level 2. HP: 8/13 MP: 3/3
   758 | D:2      | Reached XP level 3. HP: 11/17 MP: 4/4
   844 | D:2      | Reached skill level 5 in Shapeshifting
   992 | D:2      | Found Laxem's General Store.
  1501 | D:3      | Learned a level 1 spell: Necrotise
  1657 | D:3      | Reached XP level 4. HP: 8/21 MP: 5/5
  2071 | D:3      | Reached skill level 1 in Stealth
  2071 | D:3      | Reached skill level 1 in Spellcasting
  2645 | D:4      | Reached XP level 5. HP: 11/25 MP: 6/8
  2650 | D:4      | Slain by a goblin

Illustrated notes

Levels and vault maps discovered:
D:1:      saegor_arrival_miasma, layout_basic, minmay_split_cup_small
D:2:      layout_loops_ring, serial_shops, shop_statue,
          kennysheep_generic_room_11
D:3:      layout_basic, grunt_ministairs_12
D:4:      layout_gridville, minmay_temple_entry_statues_pillars, uniq_edmund,
          uniq_crazy_yiuf_cottage, uniq_natasha

Skill      XL: |  1  2  3  4 |
---------------+-------------+-----
Shapeshifting  | 5 |  5.6
Dodging        | 3 |  3.5
Stealth        | 1 |  1.6
Unarmed Combat | 3 |  3.2
Spellcasting   | 1 |  1.5
Fighting       | |  0.9
Necromancy     | |  0.8

Action                     |  1- 3 |  4- 6 || total
---------------------------+-------+-------++-------
  Melee: Unarmed           |    74 |    44 ||   118
         Constrict         |    14 |     8 ||    22
   Cast: Necrotise         |     3 |     9 ||    12
    Use: Scroll            |       |     8 ||     8
   Stab: Sleeping          |     7 |     1 ||     8
         Distracted        |       |     1 ||     1
 Armour: Animal skin       |     2 |       ||     2
         Skin              |    18 |    18 ||    36
  Dodge: Dodged            |    29 |    37 ||    66
   Form: Anaconda          |     1 |       ||     1

Table legend: (Time is in decaauts)
 A = Elapsed time spent in this place.
 B = Non-inter-level travel time spent in this place.
 C = Inter-level travel time spent in this place.
 D = Time resting spent in this place.
 E = Time spent auto-exploring this place.
 F = Levels seen in this place.
 G = Mean time per level.
                   A        B        C        D        E       F      G
               +--------+--------+--------+--------+--------+-----+--------+
         Total |   2594 |   1858 |    736 |      0 |   1362 |   4 |  648.5 |
       Dungeon |   2594 |   1858 |    736 |      0 |   1362 |   4 |  648.5 |
               +--------+--------+--------+--------+--------+-----+--------+

Top non-repeatable levels by time:
     D:3: 1171 daAuts
     D:2: 777 daAuts
     D:1: 630 daAuts
     D:4: 15 daAuts
